 Dungeon Crawl Stone Soup version 0.31-a0-221-gbddc013574 (webtiles) character file.

Game seed: 16652840793186313515

24 CornPuffBuddha the Trooper (level 3, 25/33 HPs)
             Began as a Hill Orc Fighter on July 4, 2023.
             Quit the game on level 2 of the Dungeon.
             The game lasted 00:02:12 (709 turns).

CornPuffBuddha the Trooper (Hill Orc Fighter)        Turns: 709, Time: 00:02:13

Health: 25/33      AC:  8    Str: 20    XL:     3   Next: 2%
Magic:  3/3        EV:  9    Int:  8    God:
Gold:   54         SH:  4    Dex: 10    Spells: 2/2 levels left

rFire   . . .        a - +0 long sword
rCold   . . .        c - +0 buckler
rNeg    . . .        b - +0 scale mail
rPois   .            (no helmet)
rElec   .            (no cloak)
rCorr   .            (no gloves)
SInv    .            i - +0 pair of boots
Will    .....        (no amulet) Stlth
                     (no ring)
HPRegen 0.25/turn    (no ring)
MPRegen 0.08/turn

%: no passive effects
@: no status effects
A: no striking features
a: no special abilities


You were on level 2 of the Dungeon.
You visited 1 branch of the dungeon, and saw 2 of its levels.

You collected 78 gold pieces.
You spent 24 gold pieces at shops.

Inventory:

Hand Weapons
 a - a +0 long sword (weapon)
Armour
 b - a +0 scale mail (worn)
 c - a +0 buckler (worn)
 i - a +0 pair of boots (worn)
Scrolls
 e - a scroll of immolation {unknown}
 f - a scroll of teleportation {unknown}
 g - a scroll of fear
 j - a scroll of blinking {unknown}
 k - a scroll of identify
Potions
 d - a potion of might
 h - a potion of curing {unknown}


   Skills:
 + Level 4.1 Fighting
 * Level 3.3 Long Blades
 - Level 3.2 Armour
 - Level 3.2 Shields


You had 2 spell levels left.
You didn't know any spells.
Your spell library was empty.

Dungeon Overview and Level Annotations

Branches:
Dungeon (2/15)

Altars:

Shops:
D:1 ?(


Message History

There is a stone staircase leading up here.
k - a scroll of identify A dart slug comes into view.
The dart slug launches a dart at you. The slug dart hits you.
A frilled lizard comes into view.
The frilled lizard hisses angrily.
You hit the dart slug.
The dart slug is lightly wounded.
The frilled lizard bites you.
The dart slug bites you but does no damage.
You hit the dart slug but do no damage.
The dart slug is lightly wounded.
The frilled lizard barely misses you. The dart slug closely misses you.
You hit the dart slug but do no damage.
The dart slug is lightly wounded.
You block the frilled lizard's attack. The dart slug launches a dart at you.
The slug dart hits you.
You hit the dart slug but do no damage.
The dart slug is lightly wounded.
The frilled lizard bites you. The frilled lizard barely misses you.
You hit the dart slug.
The dart slug is heavily wounded.
The dart slug bites you but does no damage.
You block the frilled lizard's attack.
You hit the dart slug.
The dart slug is severely wounded.
The dart slug barely misses you. The frilled lizard closely misses you.
You slash the dart slug!
You kill the dart slug!
The frilled lizard closely misses you.
You have reached level 3!
Your experience leads to an increase in your attributes!
Increase (S)trength, (I)ntelligence, or (D)exterity?
You feel stronger. x2
A frilled lizard is nearby!
Save game and exit?
Okay, then.
Are you sure you want to abandon this character and quit the game? (Confirm with "yes".)

## ##.##
#...##
.....#
.#.####...#
......l†.#
#@.#
#..#####
#..#
#......#
#..# #
#.####.#
...... #.#
#..#.# #.#
#..#.# #.#
#..#.## #.#
#.....##
#.#


You could see a frilled lizard.

Vanquished Creatures
  A gnoll (D:1)
  A dart slug (D:2)
  A bat (D:1)
  2 endoplasms (D:1)
  A hobgoblin (D:1)
  A jackal (D:1)
  3 ball pythons (D:1)
  A frilled lizard (D:1)
  A goblin (D:1)
  A rat (D:1)
13 creatures vanquished.

Notes
Turn   | Place    | Note
-------+----------+-------------------------------------------
     0 | D:1      | CornPuffBuddha the Hill Orc Fighter began the quest for the
                  | Orb.
     0 | D:1      | Reached XP level 1. HP: 19/19 MP: 1/1
   213 | D:1      | Found Xost's Antique Weapon Emporium.
   344 | D:1      | Reached XP level 2. HP: 24/27 MP: 2/2
   406 | D:1      | Reached skill level 4 in Fighting
   621 | D:1      | Found Perghufy's Magic Scroll Boutique.
   624 | D:1      | Bought a scroll of identify for 24 gold pieces
   709 | D:2      | Reached XP level 3. HP: 25/33 MP: 3/3
   709 | D:2      | Quit the game

Illustrated notes

Levels and vault maps discovered:
D:1:      dpeg_arrival_brainrot, layout_basic, serial_shops,
          nicolae_shop_behind_doors, shop
D:2:      layout_loops_ring, nicolae_figureground_sparkle

Skill      XL: |  1  2 |
---------------+-------+-----
Fighting       | 4 |  4.1
Long Blades    | 3 |  3.3
Armour         | |  3.2
Shields        | |  3.2

Action                     || total
---------------------------++-------
  Melee: Long sword        ||    35
    Use: Scroll            ||     1
 Armour: Scale mail        ||    19
  Dodge: Dodged            ||    21
  Block: Buckler           ||    13

Table legend: (Time is in decaauts)
 A = Elapsed time spent in this place.
 B = Non-inter-level travel time spent in this place.
 C = Inter-level travel time spent in this place.
 D = Time resting spent in this place.
 E = Time spent auto-exploring this place.
 F = Levels seen in this place.
 G = Mean time per level.
                   A        B        C        D        E       F      G
               +--------+--------+--------+--------+--------+-----+--------+
         Total |    719 |    703 |     16 |      0 |    578 |   2 |  359.5 |
       Dungeon |    719 |    703 |     16 |      0 |    578 |   2 |  359.5 |
               +--------+--------+--------+--------+--------+-----+--------+

Top non-repeatable levels by time:
     D:1: 681 daAuts
     D:2: 38 daAuts
